 Dungeon Crawl Stone Soup version 0.29.1-4-g47bece8355 (webtiles) character file.

Game seed: 11808302666170459301

68 arthad the Insei (level 4, -1/34 HPs)
             Began as a Gnoll Transmuter on Dec 3, 2022.
             Blown up by Ijyb (17 damage)
             ... with a mindburst bolt
             ... on level 3 of the Dungeon.
             The game lasted 00:05:25 (2802 turns).

arthad the Insei (Gnoll Transmuter)                 Turns: 2802, Time: 00:05:26

Health: -1/34      AC:  3    Str: 10    XL:     4   Next: 19%
Magic:  8/11       EV: 13    Int: 14    God:
Gold:   191        SH:  0    Dex: 12    Spells: 7/13 levels left

rFire   . . .      SeeInvis .     - Unarmed
rCold   . . .      Faith    .   (no shield)
rNeg    . . .      Spirit   .   a - +0 robe
rPois   .          Reflect  .   (helmet currently unavailable)
rElec   .          Harm     .   i - +0 cloak
rCorr   .          Rampage  .   (no gloves)
Will    .....                   (boots currently unavailable)
Stlth   ++........              (no amulet)
HPRegen 0.11/turn               (no ring)
MPRegen 0.12/turn               (no ring)

@: appendages, wereblooded
A: horns 2, talons 2, fangs 1, strong nose, distributed training
a: End Transformation


You were on level 3 of the Dungeon.
You had temporarily grown beastly horns and talons.
You visited 1 branch of the dungeon, and saw 3 of its levels.

You collected 191 gold pieces.

Inventory:

Hand Weapons
 c - a +2 antimagic dagger
Missiles
 d - 4 poisoned darts
Armour
 a - a +0 robe (worn)
 f - a +1 chain mail of cold resistance
 i - a +0 cloak (worn)
 l - the +1 helmet "Gosam" (melded) {-Tele Int+4 SInv}
   (You found it on level 2 of the Dungeon)

   Int:       It affects your intelligence (+4).
   SInv:      It lets you see invisible.
   -Tele:     It prevents most forms of teleportation.
Scrolls
 h - a scroll of fear
 j - a scroll of immolation
Potions
 b - a potion of cancellation {unknown}
 e - 2 potions of mutation {unknown}
 g - 2 potions of degeneration {unknown}
 k - a potion of heal wounds {unknown}


   Skills:
 + Level 2.7 Fighting
 + Level 1.1 Short Blades
 + Level 1.1 Long Blades
 + Level 1.1 Axes
 + Level 1.1 Maces & Flails
 + Level 1.1 Polearms
 + Level 1.1 Staves
 + Level 1.1 Ranged Weapons
 + Level 1.1 Throwing
 + Level 1.1 Armour
 + Level 4.6 Dodging
 + Level 1.1 Stealth
 + Level 1.1 Shields
 + Level 6.6 Unarmed Combat
 + Level 5.0 Spellcasting
 + Level 0.8 Conjurations
 + Level 0.8 Hexes
 + Level 0.8 Summonings
 + Level 0.8 Necromancy
 + Level 0.8 Translocations
 + Level 3.8 Transmutations
 + Level 0.8 Fire Magic
 + Level 0.8 Ice Magic
 + Level 0.8 Air Magic
 + Level 0.8 Earth Magic
 + Level 0.8 Poison Magic
 + Level 1.2 Invocations
 + Level 1.1 Evocations


You had 7 spell levels left.
You knew the following spells:

 Your Spells              Type           Power      Damage    Failure   Level
a - Beastly Appendage     Tmut           28%        N/A       3%          1
b - Wereblood             Tmut           14%        N/A       5%          2
c - Spider Form           Tmut/Pois      10%        N/A       21%         3

Your spell library contained the following spells:

 Spells                   Type           Power      Damage    Failure   Level
 Ice Form                 Ice/Tmut       10%        N/A       54%         4


Dungeon Overview and Level Annotations

Branches:
Dungeon (3/15)

Altars:
Nemelex Xobeh

Annotations:
D:1 2 runed translucent doors
D:3 Ijyb, Robin


Innate Abilities, Weirdness & Mutations

You have temporarily grown beastly horns and talons.
You have very sharp teeth.
Your uncanny sense of smell can sniff out nearby items.
Your experience applies equally to all skills.


Message History

The goblin hits you with a +0 dagger.
Ijyb zaps a wand.
Your mind is blasted!
You are too injured to fight recklessly!
You are too injured to fight recklessly!
You are too injured to fight recklessly!
You are too injured to fight recklessly!
You are too injured to fight recklessly!
You are too injured to fight recklessly!
You are too injured to fight recklessly!
You are too injured to fight recklessly!
You are too injured to fight recklessly!
You are too injured to fight recklessly!
Casting: Beastly Appendage (safe; 2% risk of failure)
Confirm with . or Enter, or press ? or * to list all spells.
You don't know that spell.
Ijyb attacks as you move away! Ijyb closely misses you.
The goblin attacks as you move away! The goblin hits you but does no damage.
Ijyb screams, "You nasty!
Big nasty!"
Casting: Beastly Appendage (safe; 2% risk of failure)
Confirm with . or Enter, or press ? or * to list all spells.
You grow a pair of large bovine horns.
Your feet morph into talons.
The +1 helmet "Gosam" {-Tele Int+4 SInv} melds into your body.
The goblin hits you with a +0 dagger.
Casting: Beastly Appendage (safe; 3% risk of failure)
Confirm with . or Enter, or press ? or * to list all spells.
Okay, then.
Casting: Beastly Appendage (safe; 3% risk of failure)
Confirm with . or Enter, or press ? or * to list all spells.
Your blood is infused with primal strength.
The goblin closely misses you.
You punch the goblin!
You feel a bit better.
You kill the goblin!
You hit the goblin.
The goblin is severely wounded.
You hit Ijyb. Your headbutt misses Ijyb.
Ijyb is heavily wounded.
You hit Ijyb but do no damage. Your kick misses Ijyb.
Ijyb is heavily wounded.
Ijyb zaps a wand.
Your mind is blasted!
Ouch! That really hurt!
You die...

∆
###########
#<...@gg..#
#######g#.#
∆ .g. .....
.#...#
....... .#
#.## .. .#


You could see Ijyb and 3 goblins.

Vanquished Creatures
  A worm (D:2)
  A dart slug (D:2)
  4 ball pythons
  2 endoplasms (D:1)
  A giant cockroach (D:2)
  11 goblins
  4 hobgoblins
  7 jackals (D:1)
  7 kobolds
  3 quokkas
  4 bats (D:1)
  3 frilled lizards
  5 rats (D:1)
53 creatures vanquished.

Notes
Turn   | Place    | Note
-------+----------+-------------------------------------------
     0 | D:1      | arthad the Gnoll Transmuter began the quest for the Orb.
     0 | D:1      | Reached XP level 1. HP: 17/17 MP: 6/6
    45 | D:1      | HP: 1/25 [jackal (2)]
   389 | D:1      | Reached XP level 2. HP: 16/23 MP: 5/7
   486 | D:1      | Found a large runed translucent door.
   486 | D:1      | Found a large runed translucent door.
   558 | D:1      | Noticed an orc warrior
   798 | D:1      | Reached skill level 5 in Spellcasting
   798 | D:1      | Reached XP level 3. HP: 28/28 MP: 7/9
  1107 | D:1      | Reached skill level 1 in Invocations
  1518 | D:2      | Learned a level 2 spell: Wereblood
  1522 | D:2      | Learned a level 3 spell: Spider Form
  1544 | D:2      | Reached skill level 1 in Short Blades
  1544 | D:2      | Reached skill level 1 in Long Blades
  1544 | D:2      | Reached skill level 1 in Axes
  1544 | D:2      | Reached skill level 1 in Maces & Flails
  1544 | D:2      | Reached skill level 1 in Polearms
  1544 | D:2      | Reached skill level 1 in Staves
  1544 | D:2      | Reached skill level 1 in Ranged Weapons
  1544 | D:2      | Reached skill level 1 in Throwing
  1544 | D:2      | Reached skill level 1 in Armour
  1544 | D:2      | Reached skill level 1 in Stealth
  1544 | D:2      | Reached skill level 1 in Shields
  1544 | D:2      | Reached skill level 1 in Evocations
  1640 | D:2      | Found a sparkling altar of Nemelex Xobeh.
  2313 | D:2      | Identified the +1 helmet "Gosam" {-Tele Int+4 SInv}
  2509 | D:2      | Reached XP level 4. HP: 31/34 MP: 11/11
  2771 | D:3      | Noticed Robin
  2778 | D:3      | Noticed Ijyb
  2802 | D:3      | Blown up by Ijyb

Illustrated notes

Levels and vault maps discovered:
D:1:      erik_arrival_cave_to_civilisation [erik_arrival_cave_to_temple],
          layout_basic
D:2:      layout_basic, basic_altar, minmay_misc_feat_square, amethyst_killhole
D:3:      layout_basic, minmay_gold_behind_fungi, feat_on_display, uniq_robin,
          uniq_ijyb

Skill      XL: |  1  2  3 |
---------------+----------+-----
Spellcasting   | 5 |  5.0
Invocations    | 1 |  1.2
Short Blades   | 1 |  1.1
Long Blades    | 1 |  1.1
Axes           | 1 |  1.1
Maces & Flails | 1 |  1.1
Polearms       | 1 |  1.1
Staves         | 1 |  1.1
Ranged Weapons | 1 |  1.1
Throwing       | 1 |  1.1
Armour         | 1 |  1.1
Stealth        | 1 |  1.1
Shields        | 1 |  1.1
Evocations     | 1 |  1.1
Fighting       | |  2.7
Dodging        | |  4.6
Unarmed Combat | |  6.6
Conjurations   | |  0.8
Hexes          | |  0.8
Summonings     | |  0.8
Necromancy     | |  0.8
Translocations | |  0.8
Transmutations | |  3.8
Fire Magic     | |  0.8
Ice Magic      | |  0.8
Air Magic      | |  0.8
Earth Magic    | |  0.8
Poison Magic   | |  0.8

Action                   |  1- 3 |  4- 6 || total
-------------------------+-------+-------++-------
Melee: Unarmed           |   128 |    29 ||   157
       Bite              |     9 |     3 ||    12
       Kick              |    12 |       ||    12
       Punch             |     5 |       ||     5
       Headbutt          |     4 |       ||     4
 Cast: Beastly Appendage |     8 |     1 ||     9
       Wereblood         |       |     1 ||     1
  Use: Potion            |     1 |       ||     1
       Scroll            |     4 |       ||     4
 Stab: Sleeping          |     1 |       ||     1
Armor: Robe              |    16 |     9 ||    25
       Skin              |     4 |       ||     4
Dodge: Dodged            |    88 |    17 ||   105
